AoeStats
← _BeTo_

Arabia

509821964Analyzed
1v1 RM · 4d ago on Sep 28, 2026· 35m 20s· 2 players
Game mode
Random Map
Map size
Tiny (2 player)
Population
200
Speed
Normal
Resources
Standard
Victory
Conquest
Starting age
Dark Age
Ending age
Imperial Age
RankedLock teamsTeams togetherTeam positionsShared explorationLock speedFull tech treeHidden civsTurbo modeCheats
Victory
Defeat
🇨🇳 Magyars · China
1636
+17
🇲🇽 Poles · Mexico
1666
-17
SADXXX
5:44 Loom
8:26 Feudal Age
9:05 Double-Bit Axe
14:04 Horse Collar
20:26 Castle Age
19:19 Bloodlines
19:18 Gold Mining
20:01 Fletching
20:11 Padded Archer Armor
21:07 Bodkin Arrow
22:37 Leather Archer Armor
22:23 Husbandry
24:34 Bow Saw
26:41 Ballistics
26:50 Heavy Plow
28:21 Wheelbarrow
31:41 Stone Mining
34:59 Imperial Age
33:24 Hand Cart
33:50 Scale Barding Armor
34:08 Town Watch
34:55 Thumb Ring
35:02 Cavalier
35:55 Bracer
_BeTo_
8:06 Loom
10:13 Feudal Age
11:15 Double-Bit Axe
14:32 Horse Collar
17:11 Town Watch
20:14 Castle Age
18:53 Bloodlines
19:16 Forging
21:47 Iron Casting
21:23 Scale Barding Armor
21:24 Husbandry
22:46 Chain Barding Armor
24:24 Bow Saw
25:45 Wheelbarrow
25:37 Ballistics
27:29 Stone Mining
28:22 Gold Mining
31:18 Iron Casting
30:49 Fletching
35:42 Szlachta Privileges
Connection lost

Rejoining the realm…

Still unreachable

The connection could not be restored.

Session expired

The server has moved on; the page needs a fresh start.